 Dungeon Crawl Stone Soup version 0.28-a0-401-ge240ad9e29 (webtiles) character file.

Game seed: 13701617000311840693

9079 Spaninq the Severer (level 11, 0/101 HPs)
             Began as a Hill Orc Cinder Acolyte on Sept 4, 2021.
             Was a High Priest of Ignis.
             Slain by a komodo dragon (22 damage)
             ... on level 1 of the Lair of Beasts.
             The game lasted 00:48:18 (17683 turns).

Spaninq the Severer (Hill Orc Cinder Acolyte)      Turns: 17683, Time: 00:48:18

Health: 0/101      AC: 15    Str: 19    XL:     11   Next: 40%
Magic:  14/14      EV:  8    Int: 14    God:    Ignis [*****.]
Gold:   409        SH:  0    Dex:  8    Spells: 12/14 levels left

rFire   + . .      SeeInvis .   p - +4 war axe
rCold   . . .      Faith    .   (no shield)
rNeg    . . .      Spirit   .   y - +0 chain mail
rPois   .          Reflect  .   (no helmet)
rElec   .          Harm     .   x - +0 cloak
rCorr   +          Rampage  .   (no gloves)
Will    .....                   i - +1 pair of boots
Stlth   ..........              (no amulet)
HPRegen 0.26/turn               e - ring of wizardry
MPRegen 0.14/turn               f - ring of resist corrosion

@: no status effects
A: no striking features
a: Renounce Religion, Sea of Fire, Foxfire Swarm, Rising Flame


You were on level 1 of the Lair of Beasts.
You worshipped Ignis.
Ignis was extremely pleased with you.
You visited 3 branches of the dungeon, and saw 12 of its levels.

You collected 409 gold pieces.

Inventory:

Hand Weapons
 a - a -1 hand axe of flaming
 p - a +4 war axe (weapon)
 w - a +0 broad axe
Missiles
 b - 5 javelins
 v - a throwing net
Armour
 i - a +1 pair of boots (worn)
 x - a +0 cloak (worn)
 y - a +0 chain mail (worn)
Jewellery
 e - a ring of wizardry (left hand)
 f - a ring of resist corrosion (right hand)
 g - a ring of willpower
 j - a ring of protection from cold
Wands
 o - a wand of mindburst (10)
 z - a wand of flame (17)
Scrolls
 h - 4 scrolls of teleportation
 k - 4 scrolls of fog
 l - a scroll of fear
Potions
 c - a potion of resistance
 m - a potion of mutation {unknown}
 n - a potion of magic {unknown}
 q - 3 potions of brilliance
 r - a potion of flight {unknown}
 s - a potion of heal wounds {unknown}
 u - a potion of attraction {unknown}


   Skills:
 + Level 10.9 Fighting
 * Level 15.4 Axes
 + Level 9.5 Armour
 - Level 2.0 Spellcasting
 - Level 3.2 Fire Magic


You had 12 spell levels left.
You knew the following spells:

 Your Spells              Type           Power      Damage    Failure   Level
a - Scorch                Fire           20%        2d6       28%         2

Your spell library contained the following spells:

 Spells                   Type           Power      Damage    Failure   Level
 Sandblast                Erth           2%         2d4       56%         1
 Corpse Rot               Necr/Air       N/A        N/A       71%         2
 Passwall                 Tmut/Erth      0%         N/A       71%         2
 Poisonous Vapours        Pois/Air       2%         N/A       71%         2
 Dazzling Flash           Conj/Hex       2%         N/A       89%         3
 Stone Arrow              Conj/Erth      2%         3d7       89%         3
 Iskenderun's Mystic Bla  Conj/Tloc      1%         2d3       99%         4
 Petrify                  Tmut/Erth      1%         N/A       99%         4
 Freezing Cloud           Conj/Ice/Air   0%         6-21      100%        5
 Metabolic Englaciation   Hex/Ice        0%         N/A       100%        5
 Simulacrum               Ice/Necr       0%         N/A       100%        6
 Starburst                Conj/Fire      3%         6d3       100%        6
 Statue Form              Tmut/Erth      0%         N/A       100%        6
 Polar Vortex             Ice            0%         N/A       100%        9


Dungeon Overview and Level Annotations

Branches:
Dungeon (10/15)            Temple (1/1) D:4            Lair (1/6) D:8
    Orc: D:9-12

Altars:
Ashenzari
Cheibriados
Dithmenos
Elyvilon
Fedhas
Hepliaklqana
Kikubaaqudgha
Makhleb
Nemelex Xobeh
Okawaru
Qazlal
Ru
Sif Muna
Trog
Uskayaw
Vehumet
Wu Jian
Xom
Yredelemnul
Zin
The Shining One

Annotations:
D:7 2 transporters, dolemite99's ghost, novice TrFE
D:9 3 runed translucent doors, exclusion: orange crystal statue


Message History

You start resting.
HP restored.
Found an escape hatch in the floor.
A komodo dragon comes into view.
The komodo dragon hisses angrily.
You slash the komodo dragon!
The komodo dragon is moderately wounded.
The komodo dragon bites you.
You hit the komodo dragon but do no damage.
The komodo dragon is moderately wounded.
The komodo dragon barely misses you.
You closely miss the komodo dragon.
The komodo dragon is moderately wounded.
The komodo dragon bites you!
You slash the komodo dragon!
The komodo dragon is heavily wounded.
You barely miss the komodo dragon.
The komodo dragon is heavily wounded.
The komodo dragon bites you!!
You hit the komodo dragon.
The komodo dragon is heavily wounded.
The komodo dragon bites you!
You barely miss the komodo dragon.
The komodo dragon is heavily wounded.
You closely miss the komodo dragon.
The komodo dragon is heavily wounded.
The komodo dragon bites you!!
Found a scroll of identify.
Found a ring mail.
Found 21 gold pieces.
You hit the komodo dragon.
The komodo dragon is heavily wounded.
The komodo dragon bites you!
* * * LOW HITPOINT WARNING * * *
You barely miss the komodo dragon.
The komodo dragon is heavily wounded.
You hit the komodo dragon but do no damage.
The komodo dragon is heavily wounded.
The komodo dragon bites you!!
You die...

........................?..,,,,,,
...........................,,,,,,
...........................,,,,,,
.....####.###....##.####.##*,,,,,
.....,*#### #...>##.#####.#,,,***
.....**#.####....##.......#*,,,,,
...,,,*#..##.....##.......#*,,*,,
....,###..........#...[.$.#*,,*,,
.....#....#.P...@#........#*,,*,,
.................l#.......#*,,*,,
.......P..###....##.......#*,,,,,
......##### #....##.......#*,,*,,
.....#*** **#....####.###.#*,,*,,
.....**,***,#....#**,##**.#*,,,**
.....,,,,,,.......,,,,,,,,,,,,,,,
....,,,,,,........,,,,,,,,,,,,,,,
....,,,,,,.......,,,,,,,,,,,,,*,,


You could see a komodo dragon.

Vanquished Creatures
  Harold (D:9)
  A hydra (D:8)
  Erolcha (D:9)
  Pikel (D:5)
  8 blink frogs
  Prince Ribbit (D:8)
  A wraith (D:9)
  Eustachio (D:3)
  Grum (D:9)
  2 wargs (D:8)
  2 water moccasins
  An orc warrior (D:8)
  A sky beast (D:8)
  An ice beast (D:6)
  A necrophage (D:8)
  2 wolves
  2 ogres (D:5)
  6 centaurs
  A phantom (D:5)
  A kobold brigand (D:8)
  4 lemures (D:5)
  3 bullfrogs
  A wyvern zombie (D:8)
  5 scorpions
  2 water moccasin zombies
  9 killer bees
  13 wights
  2 crimson imps
  3 centaur zombies
  2 howler monkeys (D:7)
  A bullfrog zombie (D:5)
  2 centaur skeletons
  5 orc priests
  Crazy Yiuf (D:4)
  A hound (D:6)
  3 jellies
  4 iguanas
  6 orc wizards
  A killer bee zombie (D:8)
  6 adders
  10 gnolls
  2 shadow imps
  4 white imps
  An ufetubus (D:4)
  2 worms
  2 dart slugs (D:2)
  19 orcs
  5 endoplasms
  4 giant cockroaches
  8 hobgoblins
  6 jackals (D:2)
  6 quokkas
  9 ball pythons
  A bat (D:3)
  3 frilled lizards
  8 goblins
  A goblin skeleton (D:4)
  2 goblin zombies (D:4)
  3 hobgoblin zombies (D:4)
  12 kobolds
  A kobold skeleton (D:4)
  A kobold zombie (D:4)
  2 orc zombies (D:4)
  3 rats
  A spectral hobgoblin (D:1)
  2 butterflies (D:4)
228 creatures vanquished.

Notes
Turn   | Place    | Note
-------+----------+-------------------------------------------
     0 | D:1      | Spaninq the Hill Orc Cinder Acolyte began the quest for the
                  | Orb.
     0 | D:1      | Reached XP level 1. HP: 19/19 MP: 2/2
   530 | D:1      | Reached XP level 2. HP: 22/27 MP: 3/3
   857 | D:1      | Reached skill level 1 in Armour
   862 | D:1      | Learned a level 2 spell: Scorch
   946 | D:1      | Found a faded altar of an unknown god.
  1315 | D:1      | Reached XP level 3. HP: 33/33 MP: 1/4
  1713 | D:2      | Reached skill level 5 in Axes
  2014 | D:2      | Reached XP level 4. HP: 39/40 MP: 1/5
  2934 | D:2      | Reached XP level 5. HP: 47/47 MP: 0/7
  4019 | D:4      | Noticed an angel
  4019 | D:4      | Found a shimmering altar of Xom.
  4020 | D:4      | Found a glowing silver altar of Zin.
  4223 | D:3      | Reached skill level 6 in Axes
  4496 | D:3      | Reached XP level 6. HP: 46/55 MP: 1/8
  5121 | D:4      | Noticed Eustachio
  5277 | D:3      | Killed Eustachio
  5278 | D:3      | Reached skill level 5 in Fighting
  5278 | D:3      | Reached skill level 7 in Axes
  5433 | D:4      | Found a staircase to the Ecumenical Temple.
  5447 | Temple   | Entered the Ecumenical Temple
  5751 | D:4      | Reached XP level 7. HP: 43/61 MP: 3/10
  5753 | D:4      | Identified the +8 mace of the Modern Heavens {spect, rElec
                  | Will- SInv}
  5840 | D:4      | Found a runed translucent door.
  5841 | D:4      | Noticed Crazy Yiuf
  5863 | D:4      | Killed Crazy Yiuf
  6036 | D:4      | Found a glowing golden altar of the Shining One.
  6574 | D:5      | Entered Level 5 of the Dungeon
  6635 | D:4      | Reached skill level 8 in Axes
  6958 | D:5      | Found a hazy altar of Hepliaklqana.
  7012 | D:5      | Reached XP level 8. HP: 70/70 MP: 11/11
  7438 | D:5      | HP: 2/70 [ogre (16)]
  7446 | D:5      | Reached skill level 9 in Axes
  7985 | D:5      | Reached skill level 5 in Armour
  8102 | D:5      | Noticed Pikel
  8348 | D:5      | Killed Pikel
  8349 | D:5      | Reached skill level 10 in Axes
  8349 | D:5      | Reached XP level 9. HP: 66/79 MP: 12/12
  8715 | D:5      | Reached skill level 11 in Axes
  9966 | D:6      | Found a broken altar of Ashenzari.
 11076 | D:7      | Noticed a tengu warrior
 11076 | D:7      | Noticed a moth of wrath
 11076 | D:7      | Noticed dolemite99's ghost (novice TrFE)
 11079 | D:7      | Found a transporter.
 11079 | D:7      | Noticed a two-headed ogre
 11087 | D:7      | Found a bloodstained altar of Trog.
 11094 | D:7      | Found a transporter.
 11199 | D:7      | Reached skill level 12 in Axes
 12864 | D:7      | Reached XP level 10. HP: 45/81 MP: 13/13
 13708 | D:8      | Reached skill level 13 in Axes
 13951 | D:8      | Noticed Prince Ribbit
 13979 | D:8      | Killed Prince Ribbit
 14220 | D:8      | Found a staircase to the Lair.
 14571 | D:8      | Found a shadowy altar of Dithmenos.
 14915 | D:9      | Found a runed translucent door.
 14948 | D:9      | Noticed Grum
 15102 | D:9      | Killed Grum
 15238 | D:9      | Found a runed translucent door.
 15239 | D:9      | Noticed Harold
 15257 | D:9      | Killed Harold
 15258 | D:9      | Reached skill level 10 in Fighting
 15258 | D:9      | Reached skill level 14 in Axes
 15707 | D:9      | Noticed Erolcha
 15726 | D:9      | Killed Erolcha
 15727 | D:9      | Reached XP level 11. HP: 60/100 MP: 14/14
 15899 | D:9      | Found a runed translucent door.
 15913 | D:9      | Found a runed translucent door.
 16256 | D:9      | Noticed an orange crystal statue
 16302 | D:10     | Entered Level 10 of the Dungeon
 16348 | Lair:1   | Entered Level 1 of the Lair of Beasts
 16348 | Lair:1   | Noticed a seven-headed hydra
 16426 | D:8      | Killed a one-headed hydra
 16427 | D:8      | Reached skill level 15 in Axes
 17683 | Lair:1   | Slain by a komodo dragon

Illustrated notes

Levels and vault maps discovered:
D:1:      dpeg_chamrin_arrival_tetris, layout_loops_corners,
          dreamdust_ecumenical_altar_drowned_temple, hex_large
D:2:      layout_rooms
D:3:      layout_rooms
D:4:      layout_loops_cross, grunt_temple_overflow_order_and_chaos_1,
          nicolae_tso_besieged_by_evil, minmay_temple_entry_butterflies,
          nicolae_underground_beach, uniq_eustachio, uniq_crazy_yiuf_cottage
D:5:      layout_basic, kennysheep_flooded_box, minmay_fractal_squares_5,
          uniq_pikel
D:6:      layout_cave_pools, nicolae_ashenzari_panopticon,
          minmay_fire_ice_demons
D:7:      layout_basic, gammafunk_ghost_wrathful_warriors,
          hangedman_abyss_or_decor_lesser_grid, patterned_corridor
D:8:      layout_cave_pools, nicolae_dithmenos_the_darkroom,
          erik_lair_orcish_takeover, uniq_prince_ribbit1
D:9:      layout_loops_cross, minmay_statue_crystal_thing, uniq_grum,
          uniq_erolcha, uniq_harold
D:10:     layout_small_grid, grunt_gozag_statues, hangedman_decor_points,
          minmay_misc_feat_enclosed, dk_noncrumbling_3, minivault_21
Temple:   nicolae_temple_elliptical
Lair:1:   layout_regular_city, uniq_urug

Skill      XL: |  1  2  3  4  5  6  7  8  9 10 11 |
---------------+----------------------------------+-----
Armour         | 1 2 3 4 5 7 8 9 |  9.5
Fighting       | 4 5 6 7 8 10 | 10.9
Axes           | 5 6 7 8 10 12 14 15 | 15.4
Spellcasting   | 2 |  2.0
Fire Magic     | |  3.2

Action                   |  1- 3 |  4- 6 |  7- 9 | 10-12 || total
-------------------------+-------+-------+-------+-------++-------
Melee: Hand axe          |    41 |       |    28 |     9 ||    78
       Dagger            |    42 |    77 |   251 |    19 ||   389
       Falchion          |       |     5 |   140 |     5 ||   150
       Mace              |       |       |     4 |       ||     4
       War axe           |       |       |    40 |   248 ||   288
 Cast: Scorch            |    16 |    59 |    14 |       ||    89
Evoke: Wand              |       |       |       |     1 ||     1
  Use: Scroll            |       |       |    12 |     3 ||    15
       Potion            |       |       |       |     1 ||     1
Armor: Robe              |    11 |    11 |       |       ||    22
       Scale mail        |       |    35 |    11 |       ||    46
       Leather armour    |       |     1 |       |       ||     1
       Chain mail        |       |       |   269 |   159 ||   428
Dodge: Dodged            |    53 |    65 |   173 |   109 ||   400

Table legend: (Time is in decaauts)
 A = Elapsed time spent in this place.
 B = Non-inter-level travel time spent in this place.
 C = Inter-level travel time spent in this place.
 D = Time resting spent in this place.
 E = Time spent auto-exploring this place.
 F = Levels seen in this place.
 G = Mean time per level.
                   A        B        C        D        E       F      G
               +--------+--------+--------+--------+--------+-----+--------+
         Total |  17701 |  16982 |    719 |   6575 |   6626 |  12 | 1475.1 |
       Dungeon |  17350 |  16658 |    692 |   6500 |   6467 |  10 | 1735.0 |
        Temple |    165 |    139 |     26 |      0 |    124 |   1 |  165.0 |
          Lair |    185 |    185 |      0 |     75 |     35 |   1 |  185.0 |
               +--------+--------+--------+--------+--------+-----+--------+

Top non-repeatable levels by time:
     D:8: 3006 daAuts
     D:5: 2307 daAuts
     D:7: 2300 daAuts
     D:1: 2024 daAuts
     D:6: 1973 daAuts
     D:4: 1581 daAuts
     D:2: 1477 daAuts
     D:3: 1398 daAuts
     D:9: 1277 daAuts
  Lair:1: 185 daAuts
  Temple: 165 daAuts
    D:10: 1 daAuts
